 Dungeon Crawl Stone Soup version 0.20.1-1-g8b1a95d (webtiles) character file.

184 nightchill the Ruffian (level 5, -5/41 HPs)
             Began as a Draconian Warper on Dec 22, 2017.
             Slain by a gnoll
             ... wielding a +0 spear
              (6 damage)
             ... on level 3 of the Dungeon.
             The game lasted 00:06:25 (2981 turns).

nightchill the Ruffian (Draconian Warper)           Turns: 2981, Time: 00:06:25

Health: -5/41      AC:  5    Str: 14    XL:     5   Next: 36%
Magic:  3/8        EV: 12    Int: 14    God:
Gold:   88         SH:  0    Dex: 10    Spells: 6/8 levels left

rFire    . . .     SeeInvis .     - Unarmed
rCold    . . .     Gourm    .   (no shield)
rNeg     . . .     Faith    .   (armour unavailable)
rPois    .         Spirit   .   (helmet restricted)
rElec    .         Reflect  .   (no cloak)
rCorr    .         Harm     .   (no gloves)
MR       .....                  (no boots)
Stlth    +.........             (no amulet)
Regen    0.2/turn               (no ring)
MPRegen  0.2/turn               (no ring)

@: no status effects
A: unfitting armour, cold-blooded, AC +5
a: no special abilities


You were on level 3 of the Dungeon.
You were not hungry.

You visited 1 branch of the dungeon, and saw 3 of its levels.

You collected 88 gold pieces.

Inventory:

Missiles
 c - 5 tomahawks of dispersal (quivered)
 e - 56 stones
 i - 7 tomahawks
 n - a throwing net
Jewellery
 q - an uncursed ring of fire {unknown}
Scrolls
 b - 2 scrolls of blinking
 f - a scroll of remove curse {unknown}
 g - a scroll of amnesia {unknown}
 h - 2 scrolls of fear {unknown}
 k - a scroll of teleportation {unknown}
 l - 2 scrolls of identify {unknown}
Potions
 m - a potion of lignification {unknown}
 o - a potion of curing {unknown}
Books
 a - a book of Spatial Translocations

   Spells                             Type                      Level
   a - Blink                          Translocation                2
   b - Shroud of Golubria             Charms/Translocation         2
   c - Lesser Beckoning               Translocation                3
   d - Gell's Gravitas                Translocation                3
   e - Teleport Other                 Translocation                3
   f - Passage of Golubria            Translocation                4
Comestibles
 d - a bread ration
 j - 2 meat rations
 p - a royal jelly
 r - a chunk of flesh


   Skills:
 - Level 2.1 Fighting
 - Level 0.8 Throwing
 - Level 2.1 Dodging
 + Level 5.7 Unarmed Combat
 - Level 2.0 Spellcasting
 - Level 3.0 Translocations


You had 6 spell levels left.
You knew the following spells:

 Your Spells              Type           Power        Failure   Level  Hunger
a - Blink                 Tloc           N/A          11%         2    ###....


Dungeon Overview and Level Annotations

Branches:
Dungeon (3/15)

Altars:


Innate Abilities, Weirdness & Mutations

Your plain brown scales are hard. (AC +5)
You cannot fit into any form of body armour.
You are cold-blooded and may be slowed by cold attacks.


Message History

The gnoll barely misses you.
Some of the chunks of flesh in your inventory have rotted away.
You barely miss the gnoll.
The gnoll is heavily wounded.
The gnoll hits you but does no damage.
You closely miss the gnoll.
The gnoll is heavily wounded.
The gnoll barely misses you.
The gnoll hits you from afar with a spear.
* * * LOW HITPOINT WARNING * * *
You hit the gnoll.
The gnoll is severely wounded.
The gnoll barely misses you. The gnoll misses you.
The gnoll hits you from afar with a spear.
* * * LOW HITPOINT WARNING * * *
You barely miss the gnoll.
Your tail-slap misses the gnoll.
The gnoll is severely wounded.
The gnoll barely misses you.
The gnoll hits you from afar with a spear.
You die...

###### #..†#
#...####### #######
#...#...... #.....#
#...#......
#.....#####.##......
#.....#.....##......
#..g..###'####......
#.gg........#......#
#..@........#......#
#####.......#....g.#
#.......#......#
#.......#####.##
#.......#####.#
#..........)..#
#.......#######
#.......# #########


You could see 3 gnolls.

Vanquished Creatures
  An orc priest (D:3)
  Terence (D:3)
  A gnoll (D:3)
  5 adders
  A dart slug (D:1)
  3 leopard geckos
  7 orcs (D:3)
  4 giant cockroaches
  5 goblins
  6 hobgoblins
  A quokka (D:2)
  8 bats
  8 frilled lizards
  10 kobolds
  11 rats
72 creatures vanquished.

Notes
Turn   | Place    | Note
-------+----------+-------------------------------------------
     0 | D:1      | nightchill the Draconian Warper began the quest for the Orb.
     0 | D:1      | Reached XP level 1. HP: 17/17 MP: 3/3
   233 | D:1      | Reached XP level 2. HP: 20/24 MP: 5/5
   491 | D:1      | Reached skill level 3 in Unarmed Combat
   828 | D:1      | Reached XP level 3. HP: 22/29 MP: 6/6
  1322 | D:2      | Learned a level 2 spell: Blink
  1350 | D:2      | Reached skill level 4 in Unarmed Combat
  1599 | D:2      | Reached XP level 4. HP: 32/36 MP: 7/7
  1755 | D:2      | Found a faded altar of an unknown god.
  1858 | D:3      | Reached skill level 5 in Unarmed Combat
  2187 | D:3      | Reached XP level 5. HP: 17/41 MP: 8/8
  2441 | D:3      | Noticed Terence
  2468 | D:3      | Killed Terence
  2980 | D:3      | HP: 1/41 [gnoll/spear (4)]
  2981 | D:3      | Slain by a gnoll

Skill      XL: |  1  2  3  4 |
---------------+-------------+-----
Unarmed Combat | 3 4 5 |  5.7
Fighting       | |  2.1
Throwing       | |  0.8
Dodging        | |  2.1
Spellcasting   | |  2.0
Translocations | |  3.0

Action                   |  1- 3 |  4- 6 || total
-------------------------+-------+-------++-------
Melee: Unarmed           |   184 |   139 ||   323
       Tailslap          |    12 |    16 ||    28
       Punch             |     1 |     1 ||     2
 Cast: Blink             |       |     6 ||     6
  Eat: Chunk             |     2 |     5 ||     7
Armor: Skin              |    54 |    32 ||    86
Dodge: Dodged            |   127 |    98 ||   225
